 Dungeon Crawl Stone Soup version 0.30-a0-808-g6e0788376e (webtiles) character file.

Game seed: 15248706603539122256

137 jimonade the Trooper (level 5, 0/54 HPs)
             Began as an Ogre Warper on Feb 25, 2023.
             Splashed by a jelly's acid (4 damage)
             ... on level 4 of the Dungeon.
             The game lasted 00:12:50 (3687 turns).

jimonade the Trooper (Ogre Warper)                  Turns: 3687, Time: 00:12:50

Health: 0/54       AC: -8    Str: 15    XL:     5   Next: 20%
Magic:  9/9        EV: 10    Int: 14    God:
Gold:   188        SH:  0    Dex: 10    Spells: 2/9 levels left

rFire   . . .      SeeInvis .    a - +0 mace
rCold   . . .      Faith    .    (no shield)
rNeg    . . .      Spirit   .    b - +0 robe
rPois   .          Reflect  .    (helmet restricted)
rElec   .          Harm     .    x - +0 cloak
rCorr   .          Rampage  .    (gloves unavailable)
Will    .....                    (boots unavailable)
Stlth   +                        (no amulet)
HPRegen 0.29/turn                w - ring of wizardry
MPRegen 0.11/turn                (no ring)

@: corroded
A: large, unfitting armour, tough skin 1
a: no special abilities


You were on level 4 of the Dungeon.
You visited 1 branch of the dungeon, and saw 4 of its levels.

You collected 188 gold pieces.

Inventory:

Hand Weapons
 a - a +0 mace (weapon)
 p - a +0 sling
 s - a +2 short sword of freezing
Missiles
 d - 6 boomerangs of dispersal
 e - 3 curare-tipped darts
 k - 5 poisoned darts (quivered)
 l - 3 javelins
 m - 42 stones
Armour
 b - a +0 robe (worn)
 x - a +0 cloak (worn)
Jewellery
 f - a ring of fire
 w - a ring of wizardry (left hand)
Wands
 t - a wand of flame (13)
 y - a wand of mindburst (13)
Scrolls
 c - a scroll of blinking
 g - 4 scrolls of identify {unknown}
 n - a scroll of acquirement {unknown}
 o - a scroll of fog {unknown}
 v - a scroll of immolation {unknown}
Potions
 h - 2 potions of haste {unknown}
 i - 2 potions of flight {unknown}
 j - a potion of brilliance {unknown}
 q - 2 potions of invisibility {unknown}
 r - a potion of heal wounds {unknown}
 u - a potion of attraction {unknown}
 z - a potion of curing {unknown}


   Skills:
 + Level 4.0 Fighting
 + Level 2.7 Maces & Flails
 + Level 1.0 Throwing
 + Level 2.6 Dodging
 + Level 0.1 Stealth
 * Level 2.7 Spellcasting
 * Level 3.7 Translocations


You had 2 spell levels left.
You knew the following spells:

 Your Spells              Type           Power      Damage    Failure   Level
a - Blink                 Tloc           24%        N/A       3%          2
b - Lesser Beckoning      Tloc           24%        N/A       3%          2
c - Teleport Other        Tloc           12%        N/A       6%          3

Your spell library contained the following spells:

 Spells                   Type           Power      Damage    Failure   Level
 Magic Dart               Conj           4%         1d3       9%          1
 Call Imp                 Summ           1%         N/A       13%         2
 Gell's Gravitas          Tloc           12%        N/A       6%          3
 Vhi's Electric Charge    Tloc/Air       14%        N/A       12%         3
 Manifold Assault         Tloc           12%        N/A       19%         4
 Mephitic Cloud           Conj/Pois/Air  1%         N/A       26%         3
 Animate Armour           Summ/Erth      2%         N/A       61%         4
 Blade Hands              Tmut           0%         N/A       91%         5
 Iron Shot                Conj/Erth      0%         9d1       100%        6


Dungeon Overview and Level Annotations

Branches:
Dungeon (4/15)
 Temple: D:4-7

Altars:

Shops:
D:1 :(:(*   D:2 =

Annotations:
D:1 exclusion: downstairs
D:2 1 runed translucent door, Sigmund
D:3 exclusion: downstairs
D:4 3 runed translucent doors, F1ng0rz's ghost, novice VSWr


Innate Abilities, Weirdness & Mutations

You are too large for most types of armour.
You have tough skin. (AC +1)


Message History

The endoplasm is severely wounded.
The endoplasm closely misses you. The endoplasm hits you.
You barely miss the endoplasm.
The endoplasm is severely wounded.
The endoplasm freezes you.
You are frozen.
You sock the endoplasm!
You kill the endoplasm!
You start resting.
HP restored.
There is an open door here.
A jelly comes into view.
The jelly quivers.
You barely miss the jelly. The jelly hits you but does no damage.
You hit the jelly.
Your hands burn!
The jelly is lightly wounded.
The jelly misses you. The jelly hits you but does no damage.
You sock the jelly! The acid corrodes you!
Your hands burn!
The jelly is moderately wounded.
The jelly hits you.
You are splashed with acid.
You hit the jelly.
Your hands burn!
The jelly is heavily wounded.
The jelly barely misses you.
You hit the jelly but do no damage.
Your hands burn!
The jelly is heavily wounded.
The jelly hits you.
You are splashed with acid.
The jelly hits you.
You are splashed with acid!
You barely miss the jelly.
The jelly is heavily wounded.
The jelly hits you.
You are splashed with acid!
* * * LOW HITPOINT WARNING * * *
You hit the jelly.
Your hands burn!
* * * LOW HITPOINT WARNING * * *
The jelly is severely wounded.
The jelly hits you.
* * * LOW HITPOINT WARNING * * *
The acid corrodes you!
You are splashed with acid!
* * * LOW HITPOINT WARNING * * *
You hit the jelly. The acid corrodes you!
Your hands burn!
You die...

#....# #....# ##.+....
#..#....#
.K+....##..#$...#
###K+....##..#....#
KKK#....##.(#....#
8K##.... #..#....#
#..#'###..#....# ###
#.....##..#@...# ..#
#.........'J...# ..#
#.....##..#....# ..#
#.....##..###.....
..#####.....#....#......
###..##.....#....#......
.....##....##..###......
.....##....##..##########
.##.....................#


You could see a jelly.

Vanquished Creatures
  4 gnolls
  3 adders
  A worm (D:3)
  A dart slug (D:4)
  An orc (D:3)
  A ball python (D:1)
  7 endoplasms
  8 hobgoblins
  12 jackals
  4 quokkas
  5 bats
  6 frilled lizards
  A goblin (D:4)
  4 kobolds
  6 rats
64 creatures vanquished.

Vanquished Creatures (others)
  2 fungi (D:4)
  2 plants (D:4)
4 creatures vanquished.

Grand Total: 68 creatures vanquished

Notes
Turn   | Place    | Note
-------+----------+-------------------------------------------
     0 | D:1      | jimonade the Ogre Warper began the quest for the Orb.
     0 | D:1      | Reached XP level 1. HP: 22/22 MP: 3/3
    89 | D:1      | Found Rikal's Book Emporium.
   120 | D:1      | Found Xapytucky's Antique Weapon Emporium.
   144 | D:1      | Found Ydoumidd's Weapon Shop.
   235 | D:1      | Found Fubbat's Assorted Antiques.
   426 | D:1      | Found Buproesu's Book Shop.
   441 | D:1      | Reached skill level 3 in Fighting
   626 | D:1      | Reached XP level 2. HP: 30/31 MP: 5/5
   905 | D:2      | Found a faded altar of an unknown god.
   914 | D:2      | Reached XP level 3. HP: 33/37 MP: 6/6
   941 | D:2      | Found Nucwe's Jewellery Shoppe.
  1306 | D:2      | Noticed Sigmund
  1547 | D:2      | Found a runed translucent door.
  1914 | D:3      | Learned a level 2 spell: Blink
  1917 | D:3      | Learned a level 2 spell: Lesser Beckoning
  1921 | D:3      | Learned a level 3 spell: Teleport Other
  1949 | D:3      | Reached XP level 4. HP: 26/45 MP: 7/7
  2572 | D:4      | Noticed a scorpion
  2813 | D:4      | Found a runed translucent gate.
  2814 | D:4      | Found a runed translucent gate.
  2815 | D:4      | Found a runed translucent gate.
  2861 | D:4      | Noticed a kobold brigand
  3174 | D:4      | Noticed F1ng0rz's ghost (novice VSWr)
  3286 | D:3      | Reached XP level 5. HP: 47/54 MP: 9/9
  3319 | D:4      | Reached skill level 4 in Fighting
  3687 | D:4      | Splashed by a jelly's acid

Illustrated notes

Levels and vault maps discovered:
D:1:      scummos_arrival_simple_fountains, layout_basic, serial_shops,
          nicolae_square_shop, shop,
          nicolae_shop_temple_entry_statues_fountains,
          nicolae_shop_hallway_plus, nicolae_square_shop, minmay_tetromino_i2
D:2:      layout_loops_ring, serial_shops, nicolae_shop_hallway_plus,
          ebering_ecumenical_altar_rust, minmay_split_cup_large, uniq_sigmund,
          uniq_crazy_yiuf_cottage
D:3:      layout_loops_ring, chequers_serial_rivers_room_a
D:4:      layout_gridville, minmay_temple_entry_wispy,
          gammafunk_ghost_nasty_kobolds

Skill      XL: |  1  2  3  4  5 |
---------------+----------------+-----
Fighting       | 3 4 |  4.0
Translocations | 3 |  3.7
Maces & Flails | 2 |  2.7
Throwing       | |  1.0
Dodging        | |  2.6
Stealth        | |  0.1
Spellcasting   | |  2.7

Action                     |  1- 3 |  4- 6 || total
---------------------------+-------+-------++-------
  Melee: Mace              |    96 |   109 ||   205
         Punch             |     3 |       ||     3
  Throw: Boomerang         |       |     1 ||     1
  Evoke: Wand              |       |     4 ||     4
   Stab: Sleeping          |     2 |       ||     2
 Armour: Robe              |    24 |    26 ||    50
  Dodge: Dodged            |    46 |    73 ||   119

Table legend: (Time is in decaauts)
 A = Elapsed time spent in this place.
 B = Non-inter-level travel time spent in this place.
 C = Inter-level travel time spent in this place.
 D = Time resting spent in this place.
 E = Time spent auto-exploring this place.
 F = Levels seen in this place.
 G = Mean time per level.
                   A        B        C        D        E       F      G
               +--------+--------+--------+--------+--------+-----+--------+
         Total |   3750 |   3563 |    187 |    606 |   1287 |   4 |  937.5 |
       Dungeon |   3750 |   3563 |    187 |    606 |   1287 |   4 |  937.5 |
               +--------+--------+--------+--------+--------+-----+--------+

Top non-repeatable levels by time:
     D:3: 1413 daAuts
     D:2: 971 daAuts
     D:1: 738 daAuts
     D:4: 627 daAuts
